cohdb
Replays
Latest Replays
All Replays
Popular Replays
Top Player Replays
Match Explorer
How It Works
Community
CoH3 Stats
Reddit
Sign in to upload your games and track your stats! →
Sign in with Steam
Match 42462839
Unlisted
Match 42462839
Overview
Messages
Build Orders
End
Construct Weapon Support Center
M1919 Machine Gun Team
Bazooka Squad
Construct Barracks
M1 Mortar Team
Riflemen Squad
Mechanized Support Center
Selects Heavy Weapons
Selects Heavy Weapons
Selects Assault Carriers
M3 Assault Carrier
Engineer Squad
Engineer Squad
Improved M9 Bazooka Rockets
Construct Tank Depot
Selects Exchangeable Parts
M1919 Machine Gun Team
M4A1 Sherman Medium Tank
Improvised Armor
Bazooka Squad
Construct Medical Station
M4A1 76mm Conversion
M4(105) Sherman Bulldozer
Bazooka Squad
Designate Forward Repair Station
Rapid Repairs
FireFang
Husqvarna
摩诘
神鹰
[82AD] PaulVmax
Volve
† 穿冰摇裤做冷酷人 †
Bloodlord
0
0
Comments
sign in to comment!
No comments posted yet!